 Dungeon Crawl Stone Soup version 0.22-a0-603-gfc1114d (webtiles) character file.

3272 sking99 the Basher (level 10, -1/66 HPs)
             Began as a Gargoyle Fighter on July 7, 2018.
             Was an Initiate of Ru.
             Slain by Grum
             ... wielding a +1 spear
              (9 damage)
             ... on level 8 of the Dungeon.
             The game lasted 00:10:05 (6535 turns).

sking99 the Basher (Gargoyle Fighter)               Turns: 6535, Time: 00:10:05

Health: -1/66      AC: 18    Str: 21    XL:     10   Next: 0%
Magic:  9/9        EV:  3    Int:  8    God:    Ru [......]
Gold:   373        SH:  9    Dex: 12    Spells: 9/9 levels left

rFire    + . .     SeeInvis .   a - +1 flail
rCold    . . .     Gourm    .   c - +0 shield
rNeg     + . .     Faith    .   h - +0 plate armour
rPois    ∞         Spirit   .   (no helmet)
rElec    +         Reflect  .   w - scarf {cloud immunity}
rCorr    .         Harm     .   (no gloves)
MR       .....                  (no boots)
Stlth    ..........             (no amulet)
HPRegen  0.21/turn              (no ring)
MPRegen  0.11/turn              x - ring of protection from fire

@: no status effects
A: low mp 1, negative energy resistance 1, electricity resistance, unbreathing,
petrification resistance, rot immunity, AC +7
a: Renounce Religion


You were on level 8 of the Dungeon.
You worshipped Ru.
Ru was noncommittal.
You were hungry.

You visited 1 branch of the dungeon, and saw 8 of its levels.

You collected 413 gold pieces.
You spent 40 gold pieces at shops.

Inventory:

Hand Weapons
 a - a +1 flail (weapon)
Armour
 b - a +1 scale mail
 c - a +0 shield (worn)
 h - a +0 plate armour (worn)
 w - a scarf of cloud immunity (worn)
Jewellery
 s - an uncursed ring of ice
 x - a ring of protection from fire (right hand)
Wands
 z - a wand of polymorph (11)
Scrolls
 e - 3 scrolls of immolation
 g - 4 scrolls of teleportation
 k - a scroll of remove curse
 p - 5 scrolls of enchant armour
 u - 4 scrolls of enchant weapon
 v - a scroll of amnesia
 y - 3 scrolls of magic mapping
Potions
 d - 2 potions of might
 i - a potion of heal wounds
 j - 4 potions of lignification
 l - a potion of magic
 m - 2 potions of agility
 n - a potion of brilliance {unknown}
 o - 2 potions of haste
 t - 3 potions of curing
Comestibles
 f - 17 rations
 q - a chunk of flesh


   Skills:
 + Level 9.3 Fighting
 * Level 11.3 Maces & Flails
 - Level 3.2 Armour
 - Level 3.2 Shields


You had 9 spell levels left.
You didn't know any spells.
Your spell library contained the following spells:

 Spells                   Type           Power        Failure   Level  Hunger
 Confuse                  Hex            #.......     100%        3    ####...
 Invisibility             Hex            #.......     100%        6    #######
 Tukima's Dance           Hex            #.......     100%        3    ####...
 Swiftness                Chrm/Air       #.......     100%        2    ###....
 Passwall                 Tmut/Erth      #.......     100%        2    ###....
 Ensorcelled Hibernation  Hex/Ice        #.....       100%        2    ###....
 Corona                   Hex            #......      100%        1    ##.....
 Lee's Rapid Deconstruct  Erth           #.........   100%        5    ######.
 Passage of Golubria      Tloc           N/A          100%        4    #####..
 Darkness                 Hex            #.........   100%        6    #######
 Dazzling Spray           Conj/Hex       #.....       100%        3    ####...


Dungeon Overview and Level Annotations

Branches:
Dungeon (8/15)             Temple (0/1) D:7
   Lair: D:8-11

Altars:
Fedhas
Nemelex Xobeh
Ru
Uskayaw
Wu Jian
Xom
Yredelemnul

Shops:
D:5 !   D:6 :

Annotations:
D:8 Grum


Innate Abilities, Weirdness & Mutations

You are resistant to torment.
Your stone body is resilient. (AC +7)
You are immune to poison.
Your magical capacity is low. (-10% MP)
You resist negative energy. (rN+)
You are resistant to electric shocks. (rElec)
You can survive without breathing.
You are immune to petrification.
You are immune to rotting.


Message History

The killer bee stings you but does no damage.
The killer bee stings you but does no damage.
The killer bee stings you but does no damage.
The killer bee stings you but does no damage.
You block the killer bee's attack. The killer bee stings you.
* * * LOW HITPOINT WARNING * * *
The killer bee stings you but does no damage.
The killer bee stings you but does no damage.
The killer bee stings you but does no damage.
You block the killer bee's attack.
The killer bee stings you but does no damage.
The killer bee stings you but does no damage.
You block the killer bee's attack.
You closely miss the killer bee.
The killer bee is lightly wounded.
You block the killer bee's attack. The killer bee stings you.
* * * LOW HITPOINT WARNING * * *
Grum hits you from afar with an enchanted spear!
You die...

...#.# #≈......§# .....#
#≈≈≈..§§≈# ..##.# ####''####
.....# #...# ######.# #.###
.......# #.# # ######## #.# .
.......#############.###########.
.......'........@yghy.........†'.
.......#########################.
..........##### . #########.'...#
. #.###.# . # #.[##+### # #
#.......# ## #.......# .#
#.......#


You could see Grum, a wolf and 2 killer bees.

Vanquished Creatures
  A two-headed ogre (D:8)
  A sky beast (D:5)
  A necrophage (D:8)
  2 ogres
  2 wolves (D:8)
  3 centaurs
  6 bullfrogs
  A scorpion (D:7)
  8 killer bees (D:8)
  A crimson imp (D:8)
  2 bullfrog zombies
  2 hounds
  7 orc wizards
  A quasit (D:8)
  6 orc priests
  A centaur skeleton (D:7)
  3 iguanas
  7 worker ants
  A hound zombie (D:8)
  A worker ant zombie (D:3)
  10 adders
  A shadow imp (D:6)
  An adder zombie (D:5)
  2 worms
  3 leopard geckos
  27 orcs
  A giant cockroach (D:6)
  15 goblins
  16 hobgoblins
  10 jackals
  3 quokkas
  A ball python (D:1)
  5 bats
  4 frilled lizards
  16 kobolds
  2 quokka skeletons
  6 rats
180 creatures vanquished.

Notes
Turn   | Place    | Note
-------+----------+-------------------------------------------
     0 | D:1      | sking99 the Gargoyle Fighter began the quest for the Orb.
     0 | D:1      | Reached XP level 1. HP: 14/14 MP: 1/1
    96 | D:1      | Reached XP level 2. HP: 13/19 MP: 2/2
   750 | D:1      | Reached skill level 3 in Maces & Flails
   875 | D:2      | Reached XP level 3. HP: 11/24 MP: 3/3
  1205 | D:2      | Reached XP level 4. HP: 26/29 MP: 4/4
  1551 | D:2      | Reached skill level 4 in Maces & Flails
  1565 | D:2      | Reached XP level 5. HP: 13/34 MP: 5/5
  2085 | D:2      | Found a blossoming altar of Fedhas.
  2573 | D:3      | Noticed an ogre
  2579 | D:3      | Killed an ogre
  2579 | D:3      | Reached skill level 5 in Fighting
  2579 | D:3      | Reached skill level 5 in Maces & Flails
  2579 | D:3      | Reached XP level 6. HP: 31/40 MP: 6/6
  2938 | D:3      | Found a shimmering altar of Xom.
  3835 | D:5      | Entered Level 5 of the Dungeon
  3923 | D:5      | Reached skill level 6 in Maces & Flails
  3944 | D:5      | Reached XP level 7. HP: 36/44 MP: 7/7
  4162 | D:5      | Found a sacrificial altar of Ru.
  4271 | D:5      | Became a worshipper of Ru the Awakened
  4351 | D:5      | Found Zient's Distillery.
  4365 | D:5      | Bought a potion of agility for 40 gold pieces
  4409 | D:5      | Found a basalt altar of Yredelemnul.
  4410 | D:5      | Found a sparkling altar of Nemelex Xobeh.
  4639 | D:6      | Found Egoriump's Book Emporium.
  4666 | D:6      | Reached skill level 7 in Maces & Flails
  4824 | D:6      | Reached XP level 8. HP: 36/52 MP: 8/8
  4930 | D:6      | Reached skill level 8 in Maces & Flails
  4991 | D:6      | Found a shimmering altar of Xom.
  5356 | D:7      | Found a blossoming altar of Fedhas.
  5565 | D:7      | Gained mutation: Your magical capacity is low. (-10% MP) [Ru sacrifice]
  5587 | D:7      | Found an ornate altar of the Wu Jian Council.
  5615 | D:7      | Reached skill level 9 in Maces & Flails
  5640 | D:7      | Found a staircase to the Ecumenical Temple.
  5710 | D:7      | Noticed a hand axe
  5711 | D:7      | Noticed a dagger
  5727 | D:7      | Found a hide-covered altar of Uskayaw.
  5749 | D:7      | Reached XP level 9. HP: 32/59 MP: 8/8
  6119 | D:8      | Noticed a two-headed ogre
  6127 | D:8      | Killed a two-headed ogre
  6127 | D:8      | Reached skill level 10 in Maces & Flails
  6466 | D:8      | Noticed Grum
  6470 | D:8      | Reached skill level 11 in Maces & Flails
  6518 | D:8      | Reached XP level 10. HP: 26/66 MP: 9/9
  6535 | D:8      | Slain by Grum

Vault maps used:
D:1:      onia_arrival_pyramid, skrybe_limestone_x, minmay_circled_x
D:2:      cheibrodos_pilgrimage, fedhas_altar_2, first_ration
D:3:      wad_river_or_something, xom_teletrap_fun
D:4:      minmay_goblin_outpost
D:5:      overflow_temple_1_default, gammafunk_temple_overflow_statue,
          serial_shops, shop
D:6:      lemuel_doored_altar, serial_shops, shop
D:7:      kennysheep_mini_moat, dancing_weapons_uskayaw,
          lemuel_temple_firewalk_b, basic_altar
D:8:      overflow_temple_1_default, serial_curves, eino_curves_03,
          eino_curves_01, eino_curves_02, kennysheep_generic_room_6, uniq_grum

Skill      XL: |  1  2  3  4  5  6  7  8  9 |
---------------+----------------------------+-----
Maces & Flails | 3 4 5 6 7 9 11 | 11.3
Fighting       | 4 5 6 7 9 |  9.3
Armour         | |  3.2
Shields        | |  3.2

Action                   |  1- 3 |  4- 6 |  7- 9 | 10-12 || total
-------------------------+-------+-------+-------+-------++-------
Melee: Flail             |   109 |   354 |   428 |     4 ||   895
Invok: Sacrifice Essence |       |       |     1 |       ||     1
  Use: Scroll            |       |    10 |     4 |       ||    14
       Potion            |       |       |     1 |       ||     1
  Eat: Chunk             |     1 |     9 |     9 |       ||    19
Armor: Scale mail        |    70 |   155 |       |       ||   225
       Plate armour      |       |    34 |   315 |    13 ||   362
Dodge: Dodged            |    42 |    97 |    53 |     1 ||   193
Block: Shield            |    60 |   175 |   246 |     5 ||   486

Table legend:
 A = Spawn XP
 B = Non-spawn XP
 C = Spawn XP percentage of total XP
 D = Spawn monster count
 E = Non-spawn monster count
 F = Spawn count percentage of total count
 G = Total turns spent on level
                    A         B        C        D         E        F      G
               +---------+---------+-------+---------+---------+-------+---------
         Total |       0 |    4675 |   0.0 |       0 |     180 |   0.0 |  6535
               +---------+---------+-------+---------+---------+-------+---------
           D:1 |       0 |      37 |   0.0 |       0 |      23 |   0.0 |  1118
           D:2 |       0 |     198 |   0.0 |       0 |      29 |   0.0 |  1209
           D:3 |       0 |     237 |   0.0 |       0 |      34 |   0.0 |   986
           D:4 |       0 |      80 |   0.0 |       0 |       9 |   0.0 |   522
           D:5 |       0 |     382 |   0.0 |       0 |      11 |   0.0 |   797
           D:6 |       0 |     693 |   0.0 |       0 |      28 |   0.0 |   716
           D:7 |       0 |     993 |   0.0 |       0 |      26 |   0.0 |   745
           D:8 |       0 |    2055 |   0.0 |       0 |      20 |   0.0 |   442
               +---------+---------+-------+---------+---------+-------+---------
